 Dungeon Crawl Stone Soup version 0.25-a0-435-g4b9beb1024 (webtiles) character file.

Game seed: 6717689977324802862, levelgen mode: deterministic

426 Archen the Chopper (level 6, 0/54 (56) HPs)
             Began as a Minotaur Berserker on Jan 28, 2020.
             Was a Believer of Trog.
             Slain by Harold
             ... wielding a +4 mace of draining
              (1 damage)
             ... while paralysed by Harold
             ... on level 7 of the Dungeon.
             The game lasted 00:08:39 (2762 turns).

Archen the Chopper (Minotaur Berserker)             Turns: 2762, Time: 00:08:39

HP:   0/54 (56)     AC: 12    Str: 24    XL:     6   Next: 64%
MP:   5/5           EV:  2    Int:  4    God:    Trog [**....]
Gold: 137           SH:  0    Dex:  9    Spells: 5/5 levels left

rFire    . . .     SeeInvis .   p - +2 hand axe (vamp)
rCold    . . .     Gourm    .   (no shield)
rNeg     . . .     Faith    .   o - +0 plate armour
rPois    .         Spirit   .   (helmet restricted)
rElec    .         Reflect  .   (no cloak)
rCorr    .         Harm     .   j - +0 pair of gloves
MR       .....                  (no boots)
Stlth    ..........             (no amulet)
HPRegen  0.18/turn              (no ring)
MPRegen  0.09/turn              (no ring)

@: paralysed, heavily drained
A: retaliatory headbutt, horns 2
a: Berserk, Trog's Hand, Renounce Religion


You were on level 7 of the Dungeon.
You worshipped Trog.
Trog was pleased with you.
You were hungry.

You visited 1 branch of the dungeon, and saw 5 of its levels.

You collected 137 gold pieces.

Inventory:

Hand Weapons
 a - a +0 hand axe
 p - a +2 vampiric hand axe (weapon)
Armour
 j - a +0 pair of gloves (worn)
 o - a +0 plate armour (worn)
 q - a cursed +0 ring mail
 s - a cursed +0 scale mail
Scrolls
 b - a scroll of immolation {unknown}
 d - 6 scrolls of identify
 e - 2 scrolls of remove curse
 f - a scroll of random uselessness {unknown}
 k - 2 scrolls of amnesia {unknown}
 l - a scroll of blinking {unknown}
 r - a scroll of enchant weapon {unknown}
 t - a scroll of teleportation {unknown}
Potions
 g - 4 potions of curing
 h - 2 potions of flight {unknown}
 i - a potion of degeneration {unknown}
 m - a potion of agility {unknown}
 n - a potion of resistance {unknown}
Comestibles
 c - 8 rations


   Skills:
 + Level 5.2(3.7) Fighting
 * Level 6.2(4.6) Axes
 + Level 4.5(3.0) Armour
 + Level 4.0(2.5) Dodging


You had 5 spell levels left.
You didn't know any spells.
Your spell library was empty.

Dungeon Overview and Level Annotations

Branches:
Dungeon (7/15)
 Temple: D:4-7

Altars:
Fedhas
Gozag
Hepliaklqana
Trog
The Shining One

Annotations:
D:7 Harold


Innate Abilities, Weirdness & Mutations

You reflexively headbutt those who attack you in melee.
You have a pair of horns on your head.


Message History

Harold hits you with a +4 mace of draining!
You feel drained.
The howler monkey hits you but does no damage.
You closely miss Harold. You headbutt Harold.
Harold is moderately wounded.
You hit the howler monkey.
You feel better.
You kill the howler monkey!
Trog accepts your kill.
Your base Dodging skill increases to level 4!
Harold hits you with a +4 mace of draining!
* * * LOW HITPOINT WARNING * * *
You feel drained.
* * * LOW HITPOINT WARNING * * *
You hit Harold. You headbutt Harold.
Harold is moderately wounded.
Harold zaps a wand.
You suddenly lose the ability to move!
Harold hits you with a +4 mace of draining.
* * * LOW HITPOINT WARNING * * *
You feel drained.
You die...

### ... #.##### .
#.....#
...#.....############
......†............[#
......@@..#########.####
...#.####.# #........ .h
#.# #.(...... . #.#
#........ ... #........
... #........ ....
#........ .....
##........ +.........


You could see Harold.

Vanquished Creatures
  The ghost of anet the Ducker, an amateur HaWz (D:3)
  A necrophage (D:7)
  A howler monkey (D:7)
  An orc priest (D:3)
  Natasha (twice) (D:2)
  3 adders (D:3)
  2 oozes
  3 worms
  A dart slug (D:1)
  A leopard gecko (D:2)
  4 orcs (D:3)
  5 bats
  6 giant cockroaches
  5 goblins
  7 hobgoblins
  A quokka (D:2)
  A ball python (D:3)
  11 frilled lizards
  5 kobolds
  5 rats
  A plant (D:2)
67 creatures vanquished.

Notes
Turn   | Place    | Note
-------+----------+-------------------------------------------
     0 | D:1      | Archen the Minotaur Berserker began the quest for the Orb.
     0 | D:1      | Reached XP level 1. HP: 19/19 MP: 0/0
   141 | D:1      | Reached XP level 2. HP: 26/27 MP: 1/1
   615 | D:1      | You fall into a shaft and drop 1 floor!
   615 | D:2      | Noticed Natasha
   616 | D:2      | Killed Natasha
   616 | D:2      | Reached skill level 4 in Axes
   616 | D:2      | Reached XP level 3. HP: 33/33 MP: 2/2
   879 | D:2      | Reached ** piety under Trog
  1065 | D:2      | Found a bloodstained altar of Trog.
  1065 | D:2      | Found a glowing golden altar of the Shining One.
  1070 | D:2      | Found a blossoming altar of Fedhas.
  1072 | D:2      | Found a faded altar of an unknown god.
  1074 | D:2      | Found a hazy altar of Hepliaklqana.
  1237 | D:2      | Noticed Natasha
  1245 | D:2      | Killed Natasha
  1245 | D:2      | Reached XP level 4. HP: 40/41 MP: 3/3
  1704 | D:3      | Reached skill level 5 in Axes
  1704 | D:3      | Reached XP level 5. HP: 12/47 MP: 4/4
  2151 | D:3      | Found an opulent altar of Gozag.
  2282 | D:3      | Found a runed translucent door.
  2283 | D:3      | Noticed anet's ghost (amateur HaWz)
  2352 | D:3      | Killed anet's ghost
  2352 | D:3      | Reached XP level 6. HP: 50/55 MP: 5/5
  2582 | D:3      | Reached skill level 5 in Fighting
  2636 | D:4      | You fall into a shaft and drop 3 floors!
  2700 | D:7      | Reached skill level 6 in Axes
  2747 | D:7      | Noticed Harold
  2761 | D:7      | Paralysed by Harold for 5 turns
  2762 | D:7      | HP: 1/54 [Harold/+4 mace of draining (4)]
  2762 | D:7      | Slain by Harold

Levels and vault maps discovered:
D:1:      scummos_arrival_forest, layout_loops_corners, minmay_tromino_mix6
D:2:      layout_loops_corners, chequers_temple_overflow_minitemple,
          serial_forest, infiniplex_forest_corner_2,
          infiniplex_forest_clump_long, infiniplex_forest_lined_2,
          infiniplex_forest_straight_2, infiniplex_forest_lined_3,
          infiniplex_forest_lined_room_3, minmay_lizard_king, uniq_natasha
D:3:      layout_loops_ring, nicolae_overflow_hidden_temple,
          gammafunk_ghost_grave, minmay_misc_feat_rows,
          chequers_serial_rivers_large_a, grunt_gozag_statues
D:4:      layout_basic, marbit_many_paths, kennysheep_mini, first_ration,
          minmay_misc_feat_doors
D:7:      layout_basic, minmay_mini_ossuary, uniq_maggie, uniq_harold,
          uniq_duvessa

Skill      XL: |  1  2  3  4  5  6 |
---------------+-------------------+-----
Fighting       | 4 5 |  5.2
Axes           | 4 5 6 |  6.2
Armour         | 3 4 |  4.5
Dodging        | 3 4 |  4.0

Action                   |  1- 3 |  4- 6 || total
-------------------------+-------+-------++-------
Melee: Hand axe          |    58 |   124 ||   182
       Headbutt          |    20 |    38 ||    58
Invok: Berserk           |       |     1 ||     1
  Use: Scroll            |     2 |       ||     2
  Eat: Chunk             |     1 |     5 ||     6
Armor: Animal skin       |     4 |       ||     4
       Leather armour    |     6 |       ||     6
       Chain mail        |    10 |       ||    10
       Plate armour      |     2 |    70 ||    72
Dodge: Dodged            |    36 |    28 ||    64

Table legend:
 A = Non-vault XP
 B = Vault XP
 C = Vault XP percentage of total XP
 D = Non-vault monster count
 E = Vault monster count
 F = Vault count percentage of total count
                 A         B        C        D         E       F
            +---------+---------+-------+---------+---------+-------
      Total |     394 |     215 |  35.3 |      53 |      13 |  19.7
            +---------+---------+-------+---------+---------+-------
        D:1 |      21 |       6 |  22.2 |      12 |       4 |  25.0
        D:2 |      71 |      44 |  38.3 |      16 |       8 |  33.3
        D:3 |     126 |     165 |  56.7 |      23 |       1 |   4.2
        D:7 |     176 |       0 |   0.0 |       2 |       0 |   0.0
            +---------+---------+-------+---------+---------+-------
